[Event "Late-Titled-Tuesday-Blitz-March-05-2024"]
[Site "Chess.com"]
[Date "2024.03.05"]
[Round "9"]
[White "yaguigor"]
[Black "Midgardsormur"]
[Result "1-0"]
[WhiteElo "2572"]
[BlackElo "2454"]
[TimeControl "180+1"]
[EndTime "15:41:50 PST"]
[Termination "yaguigor won by resignation"]

1. d4 Nf6 2. c4 e6 3. Nc3 Bb4 4. Qc2 O-O 5. a3 Bxc3+ 6. Qxc3 d5 7. Bg5 c5 8. cxd5 cxd4 9. Qxd4 Nc6 10. Qh4 Qxd5 11.
Bxf6 gxf6 12. Qxf6 Nd4 13. Rc1 Nb3 14. Rd1 Qa5+ 15.
Qc3 Qxc3+ 16. bxc3 b6 17. f3 Ba6 18. e4 Bxf1 19.
Kxf1 Rac8 20. Ne2 Nc5 21. Kf2 Na4 22. Rd7 Nxc3 23. Nxc3 Rxc3 24. Rxa7 Rd8 25. Kg3 Rd2 26. h4 Ra2 27. h5 h6 28. Rb1 Rcxa3 29. Rxa3 Rxa3 30. Rxb6 Kg7 31. e5 Re3 32. Kf4 Re1 33. g3 Ra1 34. Rb4 Rh1 35. g4 Rg1 36. Ra4 Rg2 37.
Ke3 Rg1 38. Kf2 Rb1 39. f4 Rh1 40. Kg2 Re1 41. Ra7 Re4 42. Kf3 Re1 43. Ra2 Rf1+ 44. Rf2 Re1 45. Rg2 Rf1+ 46. Ke3 Re1+ 47. Re2 Rg1 48.
Kf3 Rf1+ 49. Rf2 Rg1 50. f5 exf5 51. gxf5 Rg5 52. Rg2 Rxg2 53. Kxg2 Kf8 54. Kf3 Ke8 55. Ke4 Kd8 56. Kd5 Kd7 57. e6+ fxe6+ 58. fxe6+ Ke7 59. Ke5 Ke8 60. Kf6 Kf8 61. Kg6 Ke7 62. Kxh6 Kxe6 63. Kg7 1-0

[Event "Late-Titled-Tuesday-Blitz-March-05-2024"]
[Site "Chess.com"]
[Date "2024.03.05"]
[Round "9"]
[White "Sinquefield"]
[Black "maximnovik"]
[Result "0-1"]
[WhiteElo "2510"]
[BlackElo "2610"]
[TimeControl "180+1"]
[EndTime "15:41:53 PST"]
[Termination "maximnovik won by resignation"]

1. e4 c6 2. d4 d5 3. exd5 cxd5 4.
Bd3 Nf6 5. c3 Nc6 6. Bf4 Bg4 7.
Qb3 Qd7 8. Nd2 e6 9. Ngf3 Bd6 10. Bxd6 Qxd6 11. O-O O-O 12. Rfe1 Bxf3 13. Nxf3 Qc7 14. Ne5 Nxe5 15. Rxe5 g6 16. Rae1 Kg7 17. Qd1 Rae8 18.
Qf3 Nd7 19. R5e3 Re7 20. h4 h5 21. g4 hxg4 22. Qxg4 Nf6 23. Qg5 Rh8 24. Rf3 Nh5 25. Re5 Rh6 26. Qg4 Rd7 27. Kf1 Qd8 28. Rg5 f5 29. Qg2 Qf6 30. Qh2 Rf7 31. Re3 Kh7 32. Qe5 Qxe5 33. Rxe5 Nf4 34. Bb5 Rxh4 35. Ke1 a6 36.
Be2 Kh6 37. Rg3 g5 38. Kd2 Kg6 39. Rge3 Kf6 40. c4 Re7 41. Bf3 Rh2 42. cxd5 Rxf2+ 43. Ke1 Rxf3 44. Rxf3 exd5 45. Rxe7 Kxe7 46. Rb3 b5 47. a4 bxa4 48. Rb6 g4 49. Kf2 Ne6 50. Rxa6 Nxd4 51. Rxa4 Ne6 52. Ra5 d4 53. Rxf5 Kd6 54. Kg3 d3 55. Rf2 Ke5 56. Kxg4 Ke4 57. Rf6 Nd4 58.
Rf1 Nc2 59. Rd1 Ne3+ 60. Kg3 Nxd1 61. b4 Nc3 62. b5 Nxb5 0-1

[Event "Late-Titled-Tuesday-Blitz-March-05-2024"]
[Site "Chess.com"]
[Date "2024.03.05"]
[Round "9"]
[White "Chopper1905"]
[Black "ameetghasi100"]
[Result "0-1"]
[WhiteElo "2949"]
[BlackElo "2802"]
[TimeControl "180+1"]
[EndTime "15:41:56 PST"]
[Termination "ameetghasi100 won by resignation"]

1. d4 g6 2. e4 Bg7 3. Nf3 d6 4. c3 Nf6 5. Bd3 O-O 6. O-O Nc6 7. h3 Nd7 8. Be3 a6 9. Nbd2 e5 10. a3 b6 11. Rc1 Bb7 12. b4 a5 13. b5 Ne7 14. a4 d5 15. Qb3 exd4 16. cxd4 dxe4 17.
Bxe4 Bxe4 18. Nxe4 Nf6 19. Nxf6+ Bxf6 20. Ne5 Nd5 21. Bh6 Re8 22. Rfe1 Qd6 23. Rc6 Qb4 24.
Qd1 Rad8 25. Rc4 Qb2 26. Nc6 Ra8 27. Rxe8+ Rxe8 28. Qf3 Qb1+ 29. Kh2 Qe4 30. Qg3 Bh4 31. Qb3 Bxf2 32. Rc2 Bxd4 33. Rc4 Be5+ 34. Nxe5 Qxe5+ 35. Qg3 Qxg3+ 36. Kxg3 f6 37. Rd4 Re5 38. Bf4 Nxf4 39. Kxf4 Kf7 40. h4 h6 41. g3 g5+ 42. hxg5 hxg5+ 43. Kg4 Kg6 44. Kf3 Rc5 45. g4 f5 46.
gxf5+ Kxf5 47. Rd7 Rc3+ 48. Kf2 Rc4 49. Rd5+ Kf4 50. Rd7 Rc2+ 51. Ke1 g4 52. Rf7+ Kg3 53. Kf1 Rc1+ 54. Ke2 Kg2 55. Rg7 g3 56. Rg4 Rc2+ 57. Kd3 Rc5 58. Ke2 Rc3 59. Kd2 Ra3 60. Ke2 Ra2+ 61.
Ke3 Kh2 62. Rh4+ Kg1 63. Rh8 g2 64. Kd3 Rf2 65. Ke3 Kf1 0-1

[Event "Late-Titled-Tuesday-Blitz-March-05-2024"]
[Site "Chess.com"]
[Date "2024.03.05"]
[Round "9"]
[White "jk13"]
[Black "santosalberto1987"]
[Result "1-0"]
[WhiteElo "2653"]
[BlackElo "2545"]
[TimeControl "180+1"]
[EndTime "15:41:59 PST"]
[Termination "jk13 won on time"]

1. h4 d5 2. d4 Nf6 3. c3 Bf5 4. Bg5 Nbd7 5. Nd2 h6 6. Bf4 c6 7. e3 e6 8. Ngf3 Be7 9. Ne5 Nxe5 10. Bxe5 Bd6 11. Nf3 Bxe5 12. Nxe5 Nd7 13. Nxd7 Qxd7 14. g4 Be4 15. f3 Bg6 16. h5 Bh7 17. Bd3 Bxd3 18. Qxd3 O-O-O 19. O-O-O Qe7 20. f4 f6 21. e4 e5 22. exd5 Rxd5 23. Qf5+ Qd7 24. dxe5 fxe5 25.
Rxd5 cxd5 26. fxe5 Re8 27. Re1 Kc7 28. e6 Qd6 29. a3 Rf8 30. e7 Re8 31. Re6 Qd7 32. Qe5+ Kc8 33. Kb1 a6 34. Ka2 Qb5 35. Qf5 Kb8 36. Ka1 Ka7 37. Qf2+ Ka8 38. Qe2 Qxe2 39. Rxe2 Kb8 40. Rd2 Rxe7 41. Rxd5 Re4 42. Rd4 Re7 43. Kb1 Kc7 44. a4 Kc6 45. b4 Rf7 46.
Kc2 Re7 47. Kb3 Rf7 48. Kc4 Rf3 49. b5+ axb5+ 50. axb5+ Kc7 51. Kb4 Rf1 52. c4 Rb1+ 53. Kc5 Re1 54. b6+ Kc8 55. Kd6 Re8 56. c5 Rd8+ 57. Ke5 Re8+ 58. Kf5 Re1 59. Kg6 Rc1 60. Rd5 Rc4 61. g5 hxg5 62. Kxg7 Rh4 63. h6 g4 64. h7 g3 65. Rg5 1-0

[Event "Late-Titled-Tuesday-Blitz-March-05-2024"]
[Site "Chess.com"]
[Date "2024.03.05"]
[Round "9"]
[White "K_A_S_T_O_R"]
[Black "LiemLe"]
[Result "1-0"]
[WhiteElo "2856"]
[BlackElo "3035"]
[TimeControl "180+1"]
[EndTime "15:42:03 PST"]
[Termination "K_A_S_T_O_R won on time"]

1. e4 c5 2. Nf3 d6 3. d4 cxd4 4. Nxd4 Nf6 5. Nc3 Bd7 6. Bg5 e6 7. f3 Nc6 8. Qd2 h6 9. Bxf6 Qxf6 10. Ndb5 O-O-O 11. Nxd6+ Kb8 12. Nc4 Bc8 13. Qe3 Bb4 14.
a3 Bxc3+ 15. Qxc3 Qxc3+ 16. bxc3 e5 17. Ne3 Be6 18. Bc4 Na5 19. Bd5 Bxd5 20. Nxd5 Rd6 21. Ke2 Rc8 22. Rhd1 Nc4 23. a4 Nb6 24. Rd3 Nxd5 25.
exd5 Rc5 26. Rad1 Kc7 27. Ke3 Rc4 28. Ra1 Ra6 29. Ra3 Kd6 30. a5 Kc7 31. g4 g6 32.
h4 h5 33. gxh5 gxh5 34. Rb3 Rxh4 35. Rb4 Rh1 36. Rc4+ Kd6 37. Rb4 f5 38. Rxb7 Rh2 39. Rh7 Rxa5 40. Rh6+ Kd7 41. d6 Ra4 42. Rh7+ Kd8 43.
Rd5 Rxc2 44. Kd3 Rc1 45. Kd2 Raa1 46. Rxe5 Rd1+ 47. Kc2 Rxd6 48. Rxf5 Rd7 49. Rfxh5 Rf1 50. Rxd7+ Kxd7 51. Rf5 a5 52. Kb3 Kc6 53. Kc4 a4 54.
Rf6+ Kc7 55. Kb4 Ra1 56. Ra6 Rf1 57. Rf6 Ra1 58. f4 a3 59. Kb3 Rc1 60. Ra6 Rf1 61. Ra4 Rf3 62. Rc4+ Kd6 63. Kxa3 Kd5 64. Kb4 Rf1 65. Rd4+ Ke6 66. Kc4 Rf3 67. Kb4 Rf1 68. c4 Rc1 69. Kc5 Kf5 70. Kd5 1-0

[Event "Late-Titled-Tuesday-Blitz-March-05-2024"]
[Site "Chess.com"]
[Date "2024.03.05"]
[Round "9"]
[White "Schattman"]
[Black "Ze-Pequeno"]
[Result "0-1"]
[WhiteElo "2417"]
[BlackElo "2322"]
[TimeControl "180+1"]
[EndTime "15:42:04 PST"]
[Termination "Ze-Pequeno won on time"]

1. f4 d5 2. Nf3 g6 3. g3 Bg7 4.
Bg2 c5 5. d3 Nc6 6. O-O Nh6 7.
c3 d4 8. cxd4 cxd4 9. h3 Nf5 10.
Na3 h5 11. Kh2 a6 12. Nc4 Qc7 13. Bd2 h4 14. g4 Ne3 15. Bxe3 dxe3 16. Ng5 f6 17.
Ne4 Bh6 18. g5 fxg5 19. Kh1 gxf4 20. Qb3 Bf5 21. Nb6 Rd8 22. Nd5 Qc8 23. Nb6 Qc7 24. Nd5 Qb8 25. Rac1 Kf8 26. Nc5 Nd4 27. Qc4 Nxe2 28.
Nc7 Ng3+ 29. Kg1 Rd6 30. N5e6+ Bxe6 31. Nxe6+ Rxe6 32. Qxe6 Qd6 33. Rc8+ Kg7 34. Qxd6 exd6 35. Rc7+ Kf6 36. Rfc1 Ne2+ 37. Kf1 Nxc1 38. Rxc1 Ke5 39.
Ke2 Rh7 40. Bf3 Re7 41. Rc8 d5 42. Rd8 Rc7 43. Rxd5+ Ke6 44. Rd4 Rc2+ 45. Ke1 Rxb2 46. Bg4+ Kf6 47. Re4 Rxa2 48. Re6+ Kf7 49. Rb6 Ra1+ 50.
Ke2 Ra2+ 51. Ke1 Rf2 52. Rxb7+ Kf6 53. Rb6+ Ke5 54. Rxa6 f3 55. Ra4 Re2+ 56. Kd1 Rd2+ 57. Ke1 f2+ 58. Kf1 Rb2 59. Be2 Rb1+ 60. Kg2 Rg1+ 61.
Kf3 f1=Q+ 62. Bxf1 Rxf1+ 63. Ke2 Rf2+ 64. Ke1 Rh2 65. Rxh4 Bf4 66. Rh8 Bg3+ 67. Kd1 e2+ 68. Kc2 e1=Q+ 69. Kb3 Qb1+ 0-1

[Event "Late-Titled-Tuesday-Blitz-March-05-2024"]
[Site "Chess.com"]
[Date "2024.03.05"]
[Round "9"]
[White "HansOnTwitch"]
[Black "Rud_2008"]
[Result "1-0"]
[WhiteElo "3102"]
[BlackElo "2770"]
[TimeControl "180+1"]
[EndTime "15:42:05 PST"]
[Termination "HansOnTwitch won by resignation"]

1. e4 e5 2. Nf3 Nc6 3. Bc4 Bc5 4. d3 Nf6 5. O-O d6 6. c3 a5 7. Re1 O-O 8. Nbd2 Be6 9. Bb5 Qb8 10. Nf1 Qa7 11.
Re2 Ng4 12. Qc2 f5 13. exf5 Bxf5 14. h3 Nf6 15. Ng3 Bg6 16. Nh4 Bh5 17. Nxh5 Nxh5 18. Be3 Nf4 19. Ree1 Kh8 20. Qd1 Ne7 21. d4 Bb6 22. Qg4 Ned5 23. g3 Nf6 24. Qd1 N4d5 25. Nf3 Nxe3 26. fxe3 exd4 27. exd4 Qb8 28. Bd3 Qc8 29.
Kg2 Qd7 30. Qc2 Rae8 31. Qb3 a4 32. Qb5 Qf7 33. Ng5 Qh5 34. Qf5 h6 35. Ne6 Qxf5 36. Bxf5 Rf7 37. Bg6 Rfe7 38. Bxe8 Rxe8 39. Nf4 Ra8 40. Re7 a3 41. b4 Kg8 42. Rae1 Rd8 43. Ne6 Rd7 44. Rxd7 Nxd7 45. Nd8 Nf6 46. Nxb7 Nd5 47.
Rc1 Kf7 48. Nd8+ Ke7 49. Nc6+ Kd7 50. b5 Ne3+ 51. Kf3 Nc4 52. Nb4 Ba5 53. Nd3 Ke6 54.
Ke2 Kd5 55. Nf4+ Ke4 56. Ne6 g5 57. Nd8 Bb6 58. Nc6 Na5 59. Nxa5 Bxa5 60. Kd2 Kf3 61.
g4 Kg3 62. Ke3 Kxh3 63. Kf3 Kh2 64. c4 Bb6 65. c5 dxc5 66. dxc5 Ba5 67. Rc2+ Kh3 68. b6 cxb6 69. c6 b5 70. c7 Bxc7 71. Rxc7 b4 72. Rb7 h5 73. Rxb4 h4 74. Rb5 Kh2 75. Rxg5 h3 76. Rh5 1-0

[Event "Late-Titled-Tuesday-Blitz-March-05-2024"]
[Site "Chess.com"]
[Date "2024.03.05"]
[Round "9"]
[White "MatthewG-p4p"]
[Black "Rutricks"]
[Result "1-0"]
[WhiteElo "2893"]
[BlackElo "2723"]
[TimeControl "180+1"]
[EndTime "15:42:06 PST"]
[Termination "MatthewG-p4p won by resignation"]

1. f4 g6 2. Nf3 Bg7 3. g3 c5 4.
Bg2 Nc6 5. O-O d6 6. d3 e5 7. Nc3 Nge7 8. e4 O-O 9. f5 gxf5 10. Nh4 f4 11. gxf4 Ng6 12. Nf5 exf4 13. Nxg7 Kxg7 14.
Bxf4 Nxf4 15. Rxf4 Qg5 16. Qd2 Kh8 17. Kh1 Be6 18. Qf2 Ne5 19. Rg1 Rg8 20. Ne2 Rg6 21. Bh3 Qh6 22. Bxe6 fxe6 23. Rxg6 Nxg6 24. Rf7 Qg5 25. Ng3 Kg8 26. Qf6 Qxf6 27. Rxf6 Re8 28. Kg2 Ne5 29. Kh3 Nc6 30. Nh5 Ne5 31. Kg3 Nd7 32.
Rf2 Rf8 33. Rg2 Rf1 34. Nf4 Kf7 35. Re2 Rg1+ 36. Kf2 Rb1 37. b3 Ne5 38. Ke3 Ra1 39.
a4 Rf1 40. Ng2 Ng4+ 41. Kd2 Nxh2 42. Ne3 Nf3+ 43. Kc3 Nd4 44. Rh2 Rf3 45. Nc4 Kg6 46. Nxd6 h5 47. Nc4 Kg5 48. Rg2+ Kf4 49. Rh2 Kg5 50.
Ne5 Rg3 51. Kc4 h4 52. Kxc5 Nf3 53. Nxf3+ Rxf3 54. Kd6 Rf6 55. e5 Rh6 56. d4 Kf4 57. c4 Kg3 58. Rh1 h3 59. d5 exd5+ 60. Kxd5 Kg2 61.
Rd1 h2 62. e6 Rh7 63. Kd6 h1=Q 64. Rxh1 Kxh1 65. e7 Rh8 66. Kd7 Rh7 67. Kd8 Rxe7 68. Kxe7 Kg2 69. Kd6 Kg3 70. Kc7 1-0

[Event "Late-Titled-Tuesday-Blitz-March-05-2024"]
[Site "Chess.com"]
[Date "2024.03.05"]
[Round "9"]
[White "ccccvhhhj"]
[Black "vladgoncharov"]
[Result "1-0"]
[WhiteElo "2480"]
[BlackElo "2613"]
[TimeControl "180+1"]
[EndTime "15:42:09 PST"]
[Termination "ccccvhhhj won by checkmate"]

1. e4 e6 2. Nf3 d5 3. e5 c5 4. b4 cxb4 5. a3 b3 6. cxb3 Nc6 7. d4 Nge7 8. Bd3 Nf5 9. Bb2 Nh4 10. O-O Nxf3+ 11.
Qxf3 g6 12. b4 Bg7 13. Nd2 O-O 14. Nb3 f6 15. exf6 Bxf6 16. Qg3 a5 17. b5 Ne7 18. a4 b6 19. Bc1 Bd7 20. Bh6 Rf7 21. Bg5 Bxg5 22. Qxg5 Rc8 23. Rac1 Qf8 24. h4 Rxc1 25. Nxc1 Qg7 26. Ne2 Rf8 27. Rc1 Rc8 28. Rxc8+ Nxc8 29. Qd8+ Kf7 30. Qxd7+ Ne7 31. Qd6 Qf6 32. Qxb6 Qxh4 33. Qd6 Qh6 34. Qf4+ Qxf4 35. Nxf4 Nc8 36. Bc2 Nb6 37.
Nd3 Ke7 38. Nc5 Kf6 39. Nb7 Nc4 40. Bb3 Nd2 41. Bd1 Nc4 42. Kf1 e5 43. dxe5+ Kxe5 44.
Ke2 Kd4 45. Nd8 h5 46. Bb3 Nb6 47. Nc6+ Kc5 48. Bd1 Nc4 49. g3 g5 50. Bb3 Nb6 51. Nxa5 Kb4 52. Nc6+ Kxb3 53. a5 Nd7 54. b6 Nc5 55.
Nd8 Kb4 56. b7 Nxb7 57. Nxb7 Kb5 58. Kd3 h4 59. gxh4 gxh4 60. Ke2 h3 61. Kf1 d4 62.
Nd6+ Kxa5 63. Ne4 Kb4 64. Kg1 Kc4 65. Kh2 Kd3 66. Ng3 Kc3 67. Kxh3 d3 68. Kg2 Kd4 69. Kf3 Kc3 70. Ne4+ Kc2 71. Ke3 Kb3 72. Nd2+ Kb4 73. Kxd3 Kc5 74. Ke4 Kd6 75. Kf5 Ke7 76. Kg6 Ke6 77.
f4 Ke7 78. f5 Kf8 79. Nf3 Kg8 80. Kf6 Kh8 81. Ke7 Kg8 82. f6 Kh7 83. f7 Kg6 84. f8=Q Kh7 85. Qf5+ Kg7 86. Qg4+ Kh7 87. Kf7 Kh8 88.
Qg7# 1-0

[Event "Late-Titled-Tuesday-Blitz-March-05-2024"]
[Site "Chess.com"]
[Date "2024.03.05"]
[Round "9"]
[White "Nouali_Mohamed"]
[Black "PapaieDudu"]
[Result "1-0"]
[WhiteElo "2547"]
[BlackElo "2446"]
[TimeControl "180+1"]
[EndTime "15:42:10 PST"]
[Termination "Nouali_Mohamed won by resignation"]

1. e4 c5 2. Nf3 d6 3. d4 cxd4 4.
Nxd4 Nf6 5. Nc3 a6 6. Bc4 e6 7.
Bb3 Be7 8. g4 h6 9. Rg1 Nc6 10.
Be3 Qc7 11. Qe2 b5 12. O-O-O b4 13. Nxc6 bxc3 14. Nxe7 Kxe7 15. Bd4 cxb2+ 16. Bxb2 e5 17. f4 Bb7 18. g5 hxg5 19. fxe5 dxe5 20. Rxg5 Kf8 21.
Ba3+ Kg8 22. Rxg7+ Kxg7 23. Rg1+ Kh7 24. Qg2 Nh5 25. Qg5 Qb6 26. Qxh5+ Qh6+ 27. Qxh6+ Kxh6 28.
Bxf7 Bxe4 29. Bd6 Rac8 30. c4 Rh7 31. Be6 Rc6 32. c5 Rhc7 33. Kd2 Rxc5 34. Bxc5 Rxc5 35. Ke3 Bg6 36. Rg2 Rc3+ 37. Kf2 Rc2+ 38. Kg3 Rc3+ 39. Kh4 Be4 40. Rd2 Bg6 41. Bg4 e4 42. Re2 e3 43.
h3 Bf7 44. Kg3 Bc4 45. Re1 Kg5 46. h4+ Kf6 47. Kf4 Bxa2 48. Rxe3 Rc4+ 49. Kg3 Rd4 50. Ra3 Bc4 51. h5 Rd3+ 52. Rxd3 Bxd3 53. Kf4 Ke7 54.
Ke5 Kd8 55. Kf6 Kc7 56. h6 a5 57. Bf5 Bxf5 58. Kxf5 a4 59. h7 a3 60. h8=Q a2 61. Qa1 Kd6 62. Qxa2 Kc5 63. Qb2 1-0

[Event "Late-Titled-Tuesday-Blitz-March-05-2024"]
[Site "Chess.com"]
[Date "2024.03.05"]
[Round "9"]
[White "FairChess_on_YouTube"]
[Black "Sanan_Sjugirov"]
[Result "1-0"]
[WhiteElo "3090"]
[BlackElo "2992"]
[TimeControl "180+1"]
[EndTime "15:42:16 PST"]
[Termination "FairChess_on_YouTube won on time"]

1. e4 c6 2. Nf3 d5 3. d3 dxe4 4.
dxe4 Qxd1+ 5. Kxd1 Nd7 6. Nfd2 e5 7. f3 Bc5 8. Nb3 Bb6 9. N1d2 Ne7 10. Nc4 Bc7 11.
a4 Nb6 12. a5 Nxc4 13. Bxc4 f5 14. Be3 a6 15. Bb6 Bxb6 16. axb6 fxe4 17. fxe4 Bg4+ 18. Kc1 Nc8 19. Bxa6 Nxb6 20. Bxb7 Rxa1+ 21. Nxa1 Kd7 22. Nb3 Kc7 23. Ba6 Ra8 24. Bf1 Be6 25. Bd3 c5 26. Nxc5 Ra1+ 27. Kd2 Rxh1 28. Nxe6+ Kc6 29. h3 Rg1 30. g4 Rg2+ 31. Ke1 g6 32. Nf8 Rh2 33. Nxh7 Rxh3 34. Nf8 Rg3 35. Nxg6 Kd6 36. Be2 Rh3 37.
g5 Nd7 38. Bg4 Rh2 39. Bxd7 Kxd7 40. Nxe5+ Kd6 41. Nc4+ Kc5 42. Nd2 Rg2 43. c3 Rxg5 44. Kd1 Rg2 45. Kc2 Rh2 46. b4+ Kb5 47. Kd3 Rh3+ 48.
Kd4 Rh1 49. e5 Rd1 50. Kd3 Re1 51. Nf3 Rd1+ 52. Ke4 Kc4 53. e6 Rd6 54. Ke5 Rd3 55.
Ng5 Rd8 56. Nf7 Ra8 57. e7 Kxc3 58. Nd8 Ra1 59. Ne6 Ra8 60. Nc7 Rc8 61. b5 Kc4 62. b6 Kc5 63. b7 Rxc7 64. e8=Q Rxb7 65. Qc8+ Kb6 66. Kd6 Ra7 67. Qc6+ Ka5 68. Kc5 1-0

[Event "Late-Titled-Tuesday-Blitz-March-05-2024"]
[Site "Chess.com"]
[Date "2024.03.05"]
[Round "9"]
[White "jinxy2009"]
[Black "janhelmer03"]
[Result "0-1"]
[WhiteElo "2200"]
[BlackElo "2396"]
[TimeControl "180+1"]
[EndTime "15:42:16 PST"]
[Termination "janhelmer03 won by resignation"]

1. e4 c5 2. Nf3 d6 3. d4 cxd4 4.
Nxd4 Nf6 5. Nc3 g6 6. Be3 Bg7 7. f3 O-O 8. Bc4 Nc6 9. Qd2 Nxd4 10. Bxd4 Be6 11. Bxe6 fxe6 12. O-O-O Qa5 13. Rhe1 Nd7 14. Bxg7 Kxg7 15. Kb1 Qe5 16. Qd4 Qxd4 17. Rxd4 Ne5 18. Nb5 Rf6 19. Ra4 a6 20. Nd4 Rc8 21.
Rb4 Rc7 22. a4 g5 23. h3 h5 24. a5 Nc4 25. Nb3 g4 26. hxg4 hxg4 27. fxg4 Rg6 28. c3 Rxg4 29. Nd4 Rg6 30. Re2 Nxa5 31. b3 Nc6 32. Nxc6 bxc6 33. Rb6 a5 34. e5 d5 35. Ra6 Rg3 36. Kc2 Rb7 37. Rxa5 d4 38.
Rc5 d3+ 39. Kd2 dxe2 40. Kxe2 Rxg2+ 41. Kf3 Rb2 42. b4 Rb3 43. Ke4 Rb5 44. Rxc6 Kf7 45. Kd4 Rd5+ 46. Kc4 Rb1 47. Ra6 Rxe5 48. Ra2 Re4+ 49.
Kc5 Re5+ 50. Kc4 Rf5 51. Re2 Rc1 52. Re3 Rf4+ 53. Kb3 Rb1+ 54. Kc2 Rbf1 55. Kb3 R1f3 56. Re2 Rg3 57. b5 Rff3 58. Rc2 Ke8 59. Kb4 Kd7 60.
c4 Kc7 61. Re2 Re3 62. Ra2 Rg5 63. Ra7+ Kb6 64. Rxe7 Rc5 65. Rd7 Re4 66. Rd6+ Kc7 67.
Kxc5 Re5+ 68. Rd5 exd5 69. cxd5 Rh5 70. b6+ Kb7 71. Kd6 Kxb6 72. Ke6 Kc5 73. d6 Rh6+ 74. Ke7 Rxd6 0-1

[Event "Late-Titled-Tuesday-Blitz-March-05-2024"]
[Site "Chess.com"]
[Date "2024.03.05"]
[Round "9"]
[White "alexrustemov"]
[Black "reevecanada"]
[Result "0-1"]
[WhiteElo "2785"]
[BlackElo "2633"]
[TimeControl "180+1"]
[EndTime "15:43:05 PST"]
[Termination "reevecanada won by checkmate"]

1. d4 Nf6 2. c4 c6 3. Nf3 d5 4. e3 g6 5. Nc3 Bg7 6. Be2 O-O 7. O-O Nbd7 8. cxd5 cxd5 9. b3 a6 10.
Ba3 Qa5 11. Qc1 Re8 12. b4 Qd8 13. b5 b6 14. Qb2 a5 15. Rac1 Bb7 16. Na4 Rc8 17.
Rxc8 Qxc8 18. Rc1 Qb8 19. h3 Bf8 20. Ne1 Rc8 21. Nd3 Rxc1+ 22. Qxc1 e6 23. Bxf8 Kxf8 24. Nc3 Ne8 25. a4 Nd6 26. g3 Nc4 27. Nb2 Nxb2 28. Qxb2 Qd6 29. h4 e5 30. dxe5 Nxe5 31. Qd2 Qb4 32.
Qd4 Qxd4 33. exd4 Nd7 34. Bf3 Nf6 35. Kf1 Ke7 36. Ke2 Kd6 37. Ke3 h6 38. Kf4 Ng8 39. g4 Ne7 40. Be2 f6 41. Bd3 Bc8 42. Kg3 f5 43. f3 g5 44. hxg5 hxg5 45. Nd1 f4+ 46. Kf2 Ng8 47. Ke1 Nf6 48. Kd2 Be6 49. Nc3 Nd7 50.
Ne2 Nf8 51. Ng1 Bf7 52. Nh3 Ne6 53. Kc3 Ke7 54. Bf5 Kf6 55. Bxe6 Bxe6 56. Nf2 Bc8 57. Nd3 Ke6 58. Ne5 Bb7 59. Kd2 Ke7 60. Kd3 Ke6 61. Ke2 Ke7 62. Kf2 Ke6 63. Nd3 Ke7 64. Ke2 Bc8 65. Kd2 Bd7 66. Kc3 Be8 67. Nc5 bxc5 68. dxc5 Kf6 69. Kd4 Ke6 70. Kd3 Ke5 71. Kc3 d4+ 72.
Kd3 Kd5 73. c6 Bg6+ 74. Kd2 Kd6 75. Kc1 Kc7 76. Kd2 Kb6 77. Kc1 Bf7 78. Kc2 Bc4 79. Kd2 Bb3 80. Kd3 Bxa4 81. Kxd4 Bxb5 82. Ke5 Bxc6 83. Kf5 a4 84. Kxg5 a3 85. Kxf4 a2 86. Kg5 a1=Q 87. f4 Qg7+ 88. Kh4 Bd7 89. f5 Kc5 90.
Kh5 Kd4 91. g5 Ke4 92. g6 Bxf5 93. Kh4 Qh6+ 94. Kg3 Qxg6+ 95. Kf2 Bh3 96. Ke1 Qg2 97. Kd1 Kd3 98. Kc1 Qc2# 0-1

[Event "Late-Titled-Tuesday-Blitz-March-05-2024"]
[Site "Chess.com"]
[Date "2024.03.05"]
[Round "9"]
[White "VojtechPlat"]
[Black "Njal28"]
[Result "1/2-1/2"]
[WhiteElo "2875"]
[BlackElo "3002"]
[TimeControl "180+1"]
[EndTime "15:43:28 PST"]
[Termination "Game drawn - insufficient material"]

1. e4 e5 2. Nf3 Nc6 3. Bb5 a6 4. Ba4 Nf6 5. d4 exd4 6. O-O Be7 7. Re1 O-O 8. e5 Nd5 9. Bb3 Nb6 10. Nxd4 Nxd4 11.
Qxd4 d5 12. exd6 Bxd6 13. Bf4 Qh4 14. g3 Qg4 15. h3 Qg6 16. Bxd6 Qxd6 17. Qxd6 cxd6 18.
h4 d5 19. Nc3 Be6 20. Ne2 Rfd8 21. Nd4 Rd6 22. c3 Kf8 23. Rad1 a5 24. Bc2 Bd7 25.
Bd3 a4 26. f3 a3 27. b3 Rc8 28. Rc1 h5 29. Kf2 g6 30. Red1 Rc5 31. Be2 Be8 32. Rd3 Rd8 33. Re3 Rdc8 34. Ke1 Bd7 35. Kd2 R5c7 36. Bd3 Rc5 37. Re5 R5c7 38. Re3 Ra8 39.
Bc2 Nc8 40. Rce1 Nd6 41. Re5 Bc6 42. Bxg6 Kg7 43. Bxh5 Rac8 44. Bg4 Rh8 45. Rg5+ Kf8 46. Rge5 Kg7 47. h5 Rh6 48. Re7 Rxe7 49. Rxe7 Kf6 50.
Re1 Kg5 51. Re5+ Kf6 52. f4 Ne4+ 53. Ke3 Nxg3 54. Nf5 Nxf5+ 55. Rxf5+ Kg7 56. Re5 Kf8 57. Kd4 Rf6 58. f5 Rh6 59. Re1 Rh8 60. Ke5 Kg7 61.
f6+ Kh6 62. Kf4 Rd8 63. Re7 d4 64. Rxf7 dxc3 65. Bf5 Rd4+ 66. Ke3 Rd5 67. Bd3 Bb5 68. Rh7+ Kg5 69. Bxb5 c2 70. Rc7 Rxb5 71. Rxc2 Kxf6 72. Rh2 Kg7 73. h6+ Kh7 74. Kd4 Rg5 75. Kc4 Rg4+ 76. Kb5 Rf4 77. Ka5 Rg4 78. b4 Rf4 79. Kb6 Rxb4+ 80.
Ka5 Rb2 81. Rh3 Rxa2 82. Rb3 Ra1 83. Rxb7+ Kxh6 84. Rb3 a2 85. Ra3 Kg5 86. Ka4 Kf4 87. Kb3 Re1 88. Kxa2 Ke4 89. Rb3 Kd4 90. Rb2 Kc3 91.
Rb3+ Kc2 92. Rb2+ Kc3 93. Rb3+ Kc4 94. Rb2 Rc1 95. Rb1 Rc2+ 96. Rb2 Rc3 97. Kb1 Rg3 98. Rc2+ Kb3 99. Rc1 Rg2 100. Re1 Rb2+ 101. Kc1 Rc2+ 102. Kb1 Rc3 103. Rd1 Rf3 104. Re1 Rd3 105. Rf1 Rh3 106. Kc1 Ka3 107. Kc2 Rb3 108. Ra1+ Kb4 109. Rb1 Rxb1 110. Kxb1 1/2-1/2

[Event "Late-Titled-Tuesday-Blitz-March-05-2024"]
[Site "Chess.com"]
[Date "2024.03.05"]
[Round "9"]
[White "Yurovskykh_Oleksandr"]
[Black "Vegan4future"]
[Result "1/2-1/2"]
[WhiteElo "2636"]
[BlackElo "2491"]
[TimeControl "180+1"]
[EndTime "15:43:48 PST"]
[Termination "Game drawn - insufficient material"]

1. d4 f5 2. Nc3 Nf6 3. Bg5 e6 4. e4 fxe4 5. Nxe4 Be7 6. Bxf6 Bxf6 7. Qh5+ g6 8. Qh6 d5 9. Nxf6+ Qxf6 10. Nf3 Nc6 11.
Bb5 Bd7 12. Bxc6 Bxc6 13. O-O-O O-O-O 14. Rhe1 Rdf8 15. Rd2 Bd7 16. Ne5 g5 17. Qxf6 Rxf6 18. f3 h5 19. h3 b6 20. c3 c5 21. Nxd7 Kxd7 22. c4 Kd6 23. dxc5+ bxc5 24. cxd5 exd5 25. Re3 g4 26. hxg4 hxg4 27. Ra3 d4 28. Rxa7 Rf4 29. fxg4 Rxg4 30. Rf7 Rh2 31. Rff2 Kd5 32. b3 Rg3 33. Kb2 Rh1 34. Rc2 d3 35. Rf5+ Kd4 36. Rc4+ Ke3 37.
Re5+ Kf2 38. Rexc5 Rxg2 39. Rd5 Ke3+ 40. Ka3 Ra1 41.
Rcd4 Raxa2+ 42. Kb4 d2 43. Kb5 Ra1 44. b4 Ra2 45. Rd3+ Ke4 46. R3d4+ Kf3 47. Rd3+ Kg4 48. R5d4+ Kf5 49. Kc4 Rb2 50. Kc3 d1=Q 51. Rxd1 Rgc2+ 52. Kd3 Rc8 53. Rf1+ Kg5 54. Re1 Rb8 55. Kc3 Ra2 56.
Kb3 Ra7 57. Re5+ Kf6 58. Rc5 Ke6 59. Re4+ Kd6 60. Rd4+ Ke6 61. Kc4 Rh7 62. b5 Rh1 63. Rc6+ Ke5 64. Rd5+ Ke4 65. Re6+ Kf4 66. Re7 Rc1+ 67. Kb4 Rb1+ 68. Kc4 Rc1+ 69. Kd4 Rd1+ 70. Kc5 Rc1+ 71. Kd6 Rb1 72. Kc6 Rc1+ 73. Kd7 Rb1 74.
Ree5 Rc1 75. Kd6 Rc4 76. Ke7 Rc2 77. Rf5+ Ke4 78. Rfe5+ Kf4 79. Rh5 Ke4 80. Rc5 Kd4 81. Rhd5+ Ke4 82. Re5+ Kd4 83. Red5+ Ke4 84. Kd6 Rb2 85.
Kc7 Rh8 86. b6 Rh7+ 87. Rd7 Rxd7+ 88. Kxd7 Rxb6 89. Rc4+ Kd3 90. Rh4 Rb2 91. Kd6 Kc2 92. Kc5 Kb3 93. Rh3+ Ka2 94. Kc4 Rg2 95. Kd3 Rg4 96.
Kc3 Rg8 97. Rh2+ Ka3 98. Rh7 Rc8+ 99. Kd4 Kb4 100. Rb7+ Ka5 101. Rb1 Ka6 102. Kd5 Ka5 103. Kd6 Ka4 104. Kd7 Rc2 105. Rb8 Ka3 106. Kd6 Ka4 107. Kd5 Ka5 108. Rb1 Ka4 109. Ra1+ Kb3 110. Ra8 Kb2 111. Kd4 Rc7 112. Ra5 Kb3 113. Kd3 Rd7+ 114. Ke4 Kb4 115. Rd5 Rxd5 116. Kxd5 1/2-1/2

[Event "Late-Titled-Tuesday-Blitz-March-05-2024"]
[Site "Chess.com"]
[Date "2024.03.05"]
[Round "10"]
[White "Ze-Pequeno"]
[Black "flubs"]
[Result "0-1"]
[WhiteElo "2317"]
[BlackElo "2460"]
[TimeControl "180+1"]
[EndTime "15:45:33 PST"]
[Termination "flubs won by resignation"]

1. e4 c6 2. d4 d5 3. e5 Bf5 4. h4 h6 5. g4 Bd7 6. h5 e6 7. f4 c5 8. c3 Nc6 9. Nf3 Rc8 10. a3 Qb6 11. Rh2 cxd4 0-1

[Event "Late-Titled-Tuesday-Blitz-March-05-2024"]
[Site "Chess.com"]
[Date "2024.03.05"]
[Round "10"]
[White "bazar-wokzal"]
[Black "Onthequiet"]
[Result "1-0"]
[WhiteElo "2557"]
[BlackElo "2413"]
[TimeControl "180+1"]
[EndTime "15:46:07 PST"]
[Termination "bazar-wokzal won by resignation"]

1. e4 c5 2. c3 b6 3. d4 Bb7 4.
Bd3 e6 5. Nf3 d6 6. O-O Nd7 7.
Qe2 e5 8. Bc4 Be7 9. dxe5 dxe5 10. Rd1 Qc7 11. Na3 a6 12. Bxf7+ Kxf7 13. Rxd7 Qxd7 14.
Nxe5+ Ke8 15. Nxd7 Kxd7 16. Qg4+ Ke8 17. Qxg7 Bf6 18.
Qxb7 1-0

[Event "Late-Titled-Tuesday-Blitz-March-05-2024"]
[Site "Chess.com"]
[Date "2024.03.05"]
[Round "10"]
[White "fandebobbyfischer"]
[Black "MusicCityMaster"]
[Result "0-1"]
[WhiteElo "2625"]
[BlackElo "2526"]
[TimeControl "180+1"]
[EndTime "15:46:22 PST"]
[Termination "MusicCityMaster won by resignation"]

1. e4 e6 2. d4 d5 3. Nd2 Nc6 4. Ngf3 Nf6 5. e5 Nd7 6. c3 f6 7.
exf6 Qxf6 8. Bb5 Bd6 9. Nf1 O-O 10. Ng3 Kh8 11. O-O a6 12. Bg5 Qf7 13. Bxc6 bxc6 14. Qe2 a5 15. Qe3 h6 16. Bxh6 gxh6 17. Qxh6+ Qh7 18.
Qxe6 Nf6 19. Qe3 Ng4 20. Qd2 Rxf3 0-1